 Dungeon Crawl Stone Soup version 0.20-a0-733-gf92fd71 (webtiles) character file.

38 tbh1313 the Chopper (level 3, -1/30 HPs)
             Began as a Minotaur Gladiator on Feb 23, 2017.
             Killed from afar by Sigmund (3 damage)
             ... with a magic dart
             ... on level 2 of the Dungeon.
             The game lasted 00:01:06 (140 turns).

tbh1313 the Chopper (Minotaur Gladiator)             Turns: 140, Time: 00:01:06

Health: -1/30      AC:  3    Str: 18    XL:     3   Next: 25%
Magic:  2/2        EV: 12    Int:  6    God:
Gold:   14         SH:  0    Dex: 11    Spells: 2/2 levels left

rFire    . . .     SeeInvis .   a - +0 war axe
rCold    . . .     Gourm    .   b - +0 leather armour
rNeg     . . .     Faith    .   (no shield)
rPois    .         Spirit   .   c - +0 hat
rElec    .         Reflect  .   (no cloak)
rCorr    .         Harm     .   (no gloves)
MR       .....                  (no boots)
Stlth    +.........             (no amulet)
Regen    0.1/turn               (no ring)
MPRegen  0.1/turn               (no ring)

@: no status effects
A: retaliatory headbutt, horns 2
a: no special abilities


You were on level 2 of the Dungeon.
You were not hungry.

You visited 1 branch of the dungeon, and saw 2 of its levels.

You collected 14 gold pieces.


Innate Abilities, Weirdness & Mutations

You reflexively headbutt those who attack you in melee.
You have a pair of horns on your head.


   Skills:
 - Level 2.4 Fighting
 + Level 5.3 Axes
 - Level 2.0 Throwing
 - Level 3.2 Dodging


You had 2 spell levels left.
You didn't know any spells.

Dungeon Overview and Level Annotations

Branches:
Dungeon (2/15)

Altars:
Gozag

Annotations:
D:2 Sigmund

Inventory:

Hand Weapons
 a - a +0 war axe (weapon)
Missiles
 d - 3 throwing nets (quivered)
Armour
 b - a +0 leather armour (worn)
 c - a +0 hat (worn)
Scrolls
 e - 2 scrolls of identify
Comestibles
 f - a bread ration
 g - 9 chunks of flesh

.###.#.#.....#..##..>......
.....#.#.###..###..##.#..
....#.#.._..#... #... .###
#....#.###.#.# ....... .. .
.... ###$....# #.### ##[ ..
###.#####.# #.#.##..†..(...
..............#
##.....@..#....
#.....@.......
#.............
.....##..#..... #....
...>....# ..... .g.#.##.#
#... ##... (# ... .# #


You could see Sigmund and a goblin.


Message History

The ball python constricts you.
You hit the ball python. You headbutt the ball python.
You kill the ball python!
No target in view!
You see here an adder corpse.
You butcher the adder corpse.
g - 6 chunks of flesh (gained 2)
You see here a ball python corpse.
You butcher the ball python corpse.
g - 9 chunks of flesh (gained 3)
You now have 14 gold pieces.
Found 13 gold pieces.
An adder and a kobold come into view.
The adder hisses angrily.
The kobold shouts!
The adder moves out of view.
A bat comes into view.
There are monsters nearby!
The bat moves out of view.
Found 27 arrows.
Found a stone staircase leading down.
Sigmund the Dreaded comes into view.
He is wielding a scythe.
Sigmund shouts!
The bat hits you but does no damage.
You slash the adder!
The adder is almost dead.
The bat hits you but does no damage. The adder bites you.
The adder closely misses you. The bat misses you.
You closely miss the adder. Your headbutt misses the adder.
The adder is almost dead.
You hit the kobold.
You kill the kobold!
You hit the bat.
You kill the bat!
You have reached level 3!
Your experience leads to an increase in your attributes!
Increase (S)trength, (I)ntelligence, or (D)exterity?
You feel clever. The adder closely misses you.
You slash the adder!
You kill the adder!
Sigmund casts a spell at you. The puff of flame hits you!
* * * LOW HITPOINT WARNING * * *
You aren't carrying any potions.
Sigmund barely misses you.
Found 20 arrows.
Sigmund hits you but does no damage.
You completely miss Sigmund. You hit Sigmund but do no damage.
Your headbutt misses Sigmund. Sigmund closely misses you.
You barely miss Sigmund. Sigmund completely misses you.
You closely miss Sigmund.
Sigmund points at you and mumbles some strange words.
The puff of flame hits you!
* * * LOW HITPOINT WARNING * * *
A goblin comes into view.
You closely miss Sigmund. Your headbutt misses Sigmund.
Sigmund barely misses you. You furiously retaliate!
You headbutt Sigmund. You hit Sigmund.
Sigmund is moderately wounded.
Sigmund points at you and mumbles some strange words.
The magic dart hits you!
* * * LOW HITPOINT WARNING * * *
You aren't carrying any potions.
Okay, then.
As you read the scroll labeled CITELE CODYCI, it crumbles to dust.
It is a scroll of recharging.
You aren't carrying any rechargeable items.
Sigmund points at you and mumbles some strange words.
The magic dart hits you!
You die...

Vault maps used:
D:1:      sevenhm_arrival_forest_fort_small_3, minmay_crystal_water,
          minmay_pentomino_r4
D:2:      nicolae_overflow_hidden_temple, first_bread,
          nicolae_gozag_cash_rules_everything_around_me, uniq_sigmund

Notes
Turn   | Place    | Note
-------+----------+-------------------------------------------
     0 | D:1      | tbh1313 the Minotaur Gladiator began the quest for the Orb.
     0 | D:1      | Reached XP level 1. HP: 18/18 MP: 0/0
    59 | D:1      | Reached skill level 4 in Axes
    70 | D:1      | You fall through a shaft!
    80 | D:2      | Reached XP level 2. HP: 20/25 MP: 1/1
   101 | D:2      | Found an opulent altar of Gozag.
   105 | D:2      | Reached skill level 5 in Axes
   128 | D:2      | Noticed Sigmund
   130 | D:2      | Reached XP level 3. HP: 23/30 MP: 2/2
   139 | D:2      | HP: 2/30 [Sigmund/magic dart (7)]
   140 | D:2      | Killed from afar by Sigmund

Vanquished Creatures
  3 adders (D:2)
  A dart slug (D:1)
  A leopard gecko (D:1)
  2 bats (D:2)
  A ball python (D:2)
  2 kobolds
  A rat (D:1)
11 creatures vanquished.

Action                   || total
-------------------------++-------
Melee: War axe           ||    23
       Headbutt          ||     3
  Use: Scroll            ||     2
Armor: Leather armour    ||     6
Dodge: Dodged            ||    20
